[Event "SixDays Budapest IM-A 11-2024"]
[Site "Budapest"]
[Date "2024.11.26"]
[Round "8.4"]
[White "Kolimar, Kristof Pal"]
[Black "Horvath, David"]
[Result "0-1"]
[ECO "A05"]
[WhiteElo "2286"]
[BlackElo "2321"]
[Annotator "RC"]
[PlyCount "90"]
[EventDate "2024.11.20"]
[EventType "tourn"]
[EventCountry "HUN"]
[SourceTitle "playchess.com"]
[Source "ChessBase"]
[SourceQuality "1"]
[TimeControl "5400+30"]

1. Nf3 Nf6 2. c4 e6 3. g3 d5 4. Bg2 d4 5. O-O c5 6. e3 Nc6 7. exd4 cxd4 8. d3 Be7 9. Na3 O-O 10. Nc2 a5 11. Re1 Nd7 12. b3 e5 13. Rb1 Rb8 14. Nd2 Nb4 15. Nxb4 axb4 16. Nf3 Bd6 17. c5 Nxc5 18. Nxe5 Bf5 19. Bf4 Qf6 20. Qd2 h6 21. g4 Bxg4 22. Nxg4 Qxf4 23. Qxf4 Bxf4 24. Bf1 Rfe8 25. Rxe8+ Rxe8 26. h3 Bd2 27. Nh2 Bc3 28. Rc1 Ne6 29. Kg2 Nf4+ 30. Kf3 Re6 31. h4 g5 32. hxg5 hxg5 33. Kg4 f6 34. Nf3 Kg7 35. Kf5 Ra6 36. Rc2 Ra5+ 37. Kg4 Ne6 38. Nd2 f5+ 39. Kg3 Nf4 40. Nc4 Ra6 41. Bh3 Kf6 42. Bf1 Re6 43. f3 Re1 44. Kf2 Ra1 45. Nd2 Nd5 0-1

[Event "SixDays Budapest IM-A 11-2024"]
[Site "Budapest"]
[Date "2024.11.26"]
[Round "8.5"]
[White "Otsuka, Shou"]
[Black "Mahitosh Dey"]
[Result "1/2-1/2"]
[ECO "A05"]
[WhiteElo "2248"]
[BlackElo "2220"]
[Annotator "RC"]
[PlyCount "74"]
[EventDate "2024.11.20"]
[EventType "tourn"]
[EventCountry "HUN"]
[SourceTitle "playchess.com"]
[Source "ChessBase"]
[SourceQuality "1"]
[TimeControl "5400+30"]

1. Nf3 Nf6 2. b3 d5 3. e3 Bf5 4. Ba3 Nbd7 5. c4 c6 6. Be2 h6 7. O-O g5 8. Nc3 Bg7 9. d4 O-O 10. Ne5 Ne4 11. Nxe4 Bxe4 12. f3 Bh7 13. f4 Nxe5 14. fxe5 f6 15. cxd5 cxd5 16. e6 f5 17. Qd2 Qb6 18. Rac1 Rfc8 19. Qb4 Qxe6 20. Qxe7 Re8 21. Qxe6+ Rxe6 22. Bf3 Rd8 23. Rc5 Rxe3 24. Rxd5 Rxd5 25. Bxd5+ Kh8 26. Rd1 f4 27. Bxb7 Bc2 28. Rd2 Bd3 29. h3 Bxd4 30. Kh2 h5 31. Bf3 Re1 32. Bb2 Bxb2 33. Rxb2 h4 34. Rd2 Re3 35. Kg1 Re1+ 36. Kh2 Re3 37. Kg1 Re1+ 1/2-1/2

[Event "SixDays Budapest IM-A 11-2024"]
[Site "Budapest"]
[Date "2024.11.27"]
[Round "9.1"]
[White "Mahitosh Dey"]
[Black "To, Nhat Minh"]
[Result "1/2-1/2"]
[ECO "C54"]
[WhiteElo "2220"]
[BlackElo "2314"]
[Annotator "RC"]
[PlyCount "21"]
[EventDate "2024.11.20"]
[EventType "tourn"]
[EventCountry "HUN"]
[SourceTitle "playchess.com"]
[Source "ChessBase"]
[SourceQuality "1"]
[TimeControl "5400+30"]

1. e4 e5 2. Nf3 Nc6 3. Bc4 Bc5 4. c3 Nf6 5. d3 d6 6. Nbd2 a5 7. h3 O-O 8. O-O h6 9. Bb3 Be6 10. Bc2 Ba7 11. Re1 1/2-1/2

[Event "SixDays Budapest IM-A 11-2024"]
[Site "Budapest"]
[Date "2024.11.27"]
[Round "9.3"]
[White "Semprun Martinez, Fernando"]
[Black "Kolimar, Kristof Pal"]
[Result "1/2-1/2"]
[ECO "B47"]
[WhiteElo "2025"]
[BlackElo "2286"]
[Annotator "RC"]
[PlyCount "90"]
[EventDate "2024.11.20"]
[EventType "tourn"]
[EventCountry "HUN"]
[SourceTitle "playchess.com"]
[Source "ChessBase"]
[SourceQuality "1"]
[TimeControl "5400+30"]

1. e4 c5 2. Nf3 e6 3. d4 cxd4 4. Nxd4 Nc6 5. Nc3 Qc7 6. f4 a6 7. Be2 Nxd4 8. Qxd4 b5 9. Be3 Bb7 10. O-O Rc8 11. Rad1 Nf6 12. e5 Nd5 13. Nxd5 Bxd5 14. Bf3 Bc5 15. Qxc5 Qxc5 16. Bxc5 Bxf3 17. Rxf3 Rxc5 18. c3 Ke7 19. Rfd3 Rd8 20. Rd6 a5 21. Kf2 f6 22. exf6+ gxf6 23. Kf3 b4 24. cxb4 axb4 25. R1d2 Rb5 26. g4 Rb7 27. Ra6 Rc8 28. h4 b3 29. a3 Rc2 30. Rad6 Rxb2 31. Rxd7+ Rxd7 32. Rxb2 Rd3+ 33. Ke4 Rg3 34. a4 Kd6 35. a5 Kc5 36. g5 fxg5 37. hxg5 Kb5 38. Rh2 Kxa5 39. Rxh7 Kb4 40. Rb7+ Kc3 41. Ke5 Rg4 42. Kxe6 Rxf4 43. g6 b2 44. g7 Rg4 45. Kf7 Kc2 1/2-1/2

[Event "SixDays Budapest IM-A 11-2024"]
[Site "Budapest"]
[Date "2024.11.26"]
[Round "9.5"]
[White "Krishna C R G"]
[Black "Fodor, Balazs"]
[Result "1-0"]
[ECO "A48"]
[WhiteElo "2448"]
[BlackElo "2206"]
[Annotator "TA"]
[PlyCount "103"]
[EventDate "2024.11.20"]
[EventType "tourn"]
[EventCountry "HUN"]
[SourceTitle "playchess.com"]
[Source "ChessBase"]
[SourceQuality "1"]
[TimeControl "5400+30"]

1. d4 Nf6 2. Nf3 g6 3. c4 Bg7 4. e3 O-O 5. Be2 d6 6. O-O c5 7. Nc3 cxd4 8. exd4 d5 9. h3 Nc6 10. a3 e6 {[%emt 0:08:49] The position is equal.} 11. Re1 b6 12. Bg5 h6 13. cxd5 exd5 14. Bf4 a6 {[%emt 0:07:23] Dodges Nb5} 15. Ne5 Bb7 16. Bf3 Re8 17. Qd3 Ne7 18. Ng4 Nxg4 19. hxg4 ({Much worse is} 19. Bxg4 h5 20. Bf3 Nf5) 19... Qd7 20. Be5 {[%emt 0:02:43] White is much more active.} Rad8 21. Re3 g5 22. Bxg7 Kxg7 23. Rae1 Ng6 24. g3 {[%emt 0:00:02] Rxe8 is the strong threat.} Rxe3 25. Rxe3 Qc6 26. Re2 b5 27. Nd1 Bc8 28. Rc2 Qd6 29. Ne3 {[%emt 0:02:04][%cal Oc2c8] [#] Hoping for Rxc8!} Ne7 30. Rc5 Qe6 31. Qc3 Bb7 32. Rc7 Rc8 33. Kg2 Rxc7 34. Qxc7 Bc8 35. b4 Bd7 36. Qa7 Qd6 37. Qa8 Be6 38. Kf1 (38. Qb7 $16) 38... Qc6 (38... Qb6 $1 $11) 39. Qd8 $14 Qc1+ (39... Qd7 $14 40. Qb6 Qc6) 40. Kg2 $18 Nc6 {[%emt 0:00:24] [#]} (40... Ng8) 41. Qb6 $2 (41. Qd6) 41... Qc3 $2 (41... Ne7 42. Qxa6 Qc6) 42. Bxd5 $2 ({Inferior is} 42. Qxa6 Nxd4 43. Bd1 Qd3 $11) (42. Qc7 $18 {and the rest is easy.}) 42... Nxd4 $16 43. Bxe6 (43. Qxa6 {leads to mate.} Bxd5+ 44. Kh2 Qe1) ({White should play} 43. Be4 $16) 43... fxe6 $11 44. Qxa6 Qc6+ $2 (44... Qd3 $11) 45. Qxc6 $18 {[%emt 0:00:02] White is clearly winning.} Nxc6 {[%emt 0:00:05][%mdl 4096] Endgame. KN-KN} 46. Kf3 Kf6 47. Ke4 Ke7 48. Nd1 Kd6 49. Nc3 (49. f4 $142) 49... Na7 50. f4 Ke7 51. Kd4 gxf4 52. gxf4 {[%emt 0:00:02] Weighted Error Value: White=0.46/Black=0.56.  Loses game:     	---       	Black=1      Mistake:       	White=2     	Black=4      Inaccurate:     	White=1     	Black=3      OK:         	White=10    	Black=16     Best:        	White=4     	Black=1} 1-0